 Dungeon Crawl Stone Soup version 0.22.0-49-gab54619 (webtiles) character file.

925 torrenera the Chiller (level 7, -1/50 HPs)
             Began as a Green Draconian Ice Elementalist on Sept 3, 2018.
             Was a Follower of Sif Muna.
             Slain by a gnoll
             ... wielding a +0 flail
              (10 damage)
             ... on level 6 of the Dungeon.
             The game lasted 00:12:39 (5535 turns).

torrenera the Chiller (DrIE)                        Turns: 5535, Time: 00:12:39

Health: -1/50      AC:  8    Str: 10    XL:     7   Next: 84%
Magic:  15/15      EV: 12    Int: 18    God:    Sif Muna [*.....]
Gold:   359        SH:  0    Dex: 11    Spells: 9/17 levels left

rFire    . . .     SeeInvis .   b - +0 dagger (venom)
rCold    . . .     Gourm    .   (no shield)
rNeg     . . .     Faith    .   (armour unavailable)
rPois    +         Spirit   .   (helmet restricted)
rElec    .         Reflect  .   r - +0 cloak
rCorr    .         Harm     .   t - +0 pair of gloves
MR       .....                  (no boots)
Stlth    ++........             (no amulet)
HPRegen  0.16/turn              (no ring)
MPRegen  0.14/turn              (no ring)

@: no status effects
A: breathe noxious fumes, unfitting armour, poison resistance, cold-blooded, AC
+6
a: Breathe Noxious Fumes, Divine Energy, Renounce Religion


You were on level 6 of the Dungeon.
You worshipped Sif Muna.
Sif Muna was aware of your devotion.
You were not hungry.

You visited 1 branch of the dungeon, and saw 6 of its levels.
You also visited: Sewer.

You collected 359 gold pieces.

Inventory:

Hand Weapons
 a - a +4 quarterstaff of crushing
 b - a +0 dagger of venom (weapon)
 f - a +0 spear
Missiles
 h - 249 stones (quivered)
 A - 12 poisoned needles
Armour
 r - a +0 cloak (worn)
 t - a +0 pair of gloves (worn)
Jewellery
 y - an uncursed amulet of rage {unknown}
Wands
 s - a wand of digging (16)
 E - a wand of acid (6)
Scrolls
 c - 2 scrolls of teleportation {unknown}
 e - 5 scrolls of identify {unknown}
 l - 3 scrolls of fear {unknown}
 u - a scroll of enchant weapon {unknown}
 v - a scroll of remove curse {unknown}
 w - 4 scrolls of fog {unknown}
 x - a scroll of blinking {unknown}
 B - 2 scrolls of amnesia {unknown}
 C - 2 scrolls of enchant armour {unknown}
Potions
 g - 6 potions of curing
 i - a potion of brilliance {unknown}
 j - a potion of haste
 k - 2 potions of lignification {unknown}
 m - 4 potions of flight {unknown}
 n - 3 potions of cancellation {unknown}
 o - a potion of berserk rage {unknown}
 p - 2 potions of magic {unknown}
 q - a potion of might {unknown}
 z - 2 potions of heal wounds {unknown}
Comestibles
 d - 13 rations


   Skills:
 - Level 0.3 Polearms
 - Level 2.2 Dodging
 - Level 2.3 Stealth
 - Level 0.2 Unarmed Combat
 + Level 5.8 Spellcasting
 - Level 1.0 Conjurations
 + Level 6.8 Ice Magic


You had 9 spell levels left.
You knew the following spells:

 Your Spells              Type           Power        Failure   Level  Hunger
a - Freeze                Ice            ####         1%          1    None
b - Ozocubu's Armour      Chrm/Ice       ###.....     9%          3    ##.....
c - Throw Icicle          Conj/Ice       ###.....     24%         4    ####...

Your spell library contained the following spells:

 Spells                   Type           Power        Failure   Level  Hunger
 Throw Frost              Conj/Ice       ###...       3%          2    None
 Summon Ice Beast         Ice/Summ       ###.....     30%         4    ####...


Dungeon Overview and Level Annotations

Branches:
Dungeon (6/15)             Temple (0/1) D:4

Altars:
Qazlal
Sif Muna


Innate Abilities, Weirdness & Mutations

You can breathe blasts of noxious fumes.
Your lurid green scales are hard. (AC +6)
You cannot fit into any form of body armour.
Your system is resistant to poisons. (rPois)
You are cold-blooded and may be slowed by cold attacks.


Message History

A ball python is nearby!
A ball python is nearby!
A ball python is nearby!
You hit the ball python.
The ball python is poisoned.
The ball python is severely wounded.
You kill the ball python!
Sif Muna accepts your kill.
The gnoll drinks a potion.
The gnoll flickers and vanishes!
Deactivating autopickup; reactivate with Ctrl-A.
Something hits you!
Found a ration.
You completely miss something. You closely miss something.
Your tail-slap misses something.
Something hits you!
You closely miss something. Something hits you.
You miss something. Something hits you.
You hit something but do no damage. Something hits you!
* * * LOW HITPOINT WARNING * * *
You closely miss something. Something hits you!
You die...

% #. ### ## .#
###≈# ≈# ##. #≈≈≈#
≈# #.. ### #≈#≈##≈
#.#### . .#
#≈#≈#≈≈ #{...# #
.###÷#≈#≈##≈#@# #
..#≈#≈#≈≈≈≈#.#
#.#≈#≈#≈####.#
#)#.#≈≈≈)≈≈#.#
#####.########≈#.#
......≈≈≈≈≈≈≈≈≈#.#
....##≈≈#≈#≈####.#
.......≈.≈≈≈≈≈...#
#####......≈....##


There were no monsters in sight!

Vanquished Creatures
  A hippogriff (D:5)
  A big kobold (Sewer)
  A bullfrog (D:5)
  A scorpion (D:4)
  2 hounds (D:5)
  Ijyb (D:3)
  2 bullfrog skeletons
  An iguana (D:6)
  Natasha (thrice) (D:2)
  2 worker ants (D:4)
  A hound skeleton (D:4)
  Robin (D:2)
  2 gnolls
  6 adders
  4 river rats
  An ooze (D:1)
  4 worms
  2 dart slugs
  6 leopard geckos
  3 orcs
  2 ball pythons
  5 giant cockroaches
  10 hobgoblins
  7 jackals
  4 quokkas
  6 bats
  7 frilled lizards
  17 goblins
  8 kobolds
  23 rats
134 creatures vanquished.

Notes
Turn   | Place    | Note
-------+----------+-------------------------------------------
     0 | D:1      | torrenera the Draconian Ice Elementalist began the quest
                  | for the Orb.
     0 | D:1      | Reached XP level 1. HP: 14/14 MP: 3/3
   154 | D:1      | Reached XP level 2. HP: 20/20 MP: 3/5
   707 | D:1      | Reached XP level 3. HP: 26/26 MP: 2/6
  1086 | D:2      | Noticed Natasha
  1100 | D:2      | Killed Natasha
  1100 | D:2      | Reached XP level 4. HP: 23/33 MP: 0/8
  1173 | D:2      | Noticed Natasha
  1230 | D:2      | Killed Natasha
  1238 | D:2      | Reached skill level 4 in Ice Magic
  1274 | D:2      | Noticed Natasha
  1281 | D:2      | Killed Natasha
  1395 | D:1      | Learned a level 3 spell: Ozocubu's Armour
  1400 | D:1      | Learned a level 4 spell: Throw Icicle
  1423 | D:2      | Reached XP level 5. HP: 38/38 MP: 5/9
  1875 | D:2      | Noticed Robin
  1944 | D:2      | Killed Robin
  2378 | D:3      | Found a deep blue altar of Sif Muna.
  2516 | D:3      | Became a worshipper of Sif Muna the Loreminder
  3039 | D:3      | Noticed Ijyb
  3060 | D:3      | Killed Ijyb
  3314 | D:4      | Reached XP level 6. HP: 37/45 MP: 8/12
  3316 | D:4      | Found a staircase to the Ecumenical Temple.
  3353 | D:4      | Reached skill level 5 in Ice Magic
  3411 | D:4      | Found a stormy altar of Qazlal.
  4004 | D:5      | Entered Level 5 of the Dungeon
  4198 | D:5      | Noticed a hippogriff
  4207 | D:5      | Killed a hippogriff
  4207 | D:5      | Reached skill level 5 in Spellcasting
  4207 | D:5      | Reached skill level 6 in Ice Magic
  4207 | D:5      | Your scales start taking on a lurid green colour.
  4207 | D:5      | Reached XP level 7. HP: 33/50 MP: 5/14
  4207 | D:5      | Gained mutation: Your system is resistant to poisons.
                  | (rPois) [Green Draconian growth]
  4542 | D:5      | Reached * piety under Sif Muna
  5029 | D:6      | Found a glowing drain.
  5043 | Sewer    | Entered a sewer
  5314 | Sewer    | Found a white marble altar of Elyvilon.
  5535 | D:6      | Slain by a gnoll

Skill      XL: |  1  2  3  4  5  6 |
---------------+-------------------+-----
Dodging        | 2 |  2.2
Stealth        | 2 |  2.3
Spellcasting   | 3 4 5 |  5.8
Ice Magic      | 4 6 |  6.8
Polearms       | |  0.3
Unarmed Combat | |  0.2
Conjurations   | |  1.0

Action                   |  1- 3 |  4- 6 |  7- 9 || total
-------------------------+-------+-------+-------++-------
Melee: Tailslap          |     4 |    16 |     6 ||    26
       Unarmed           |     3 |       |       ||     3
       Spear             |    40 |    19 |       ||    59
       Dagger            |       |   165 |   116 ||   281
       Quarterstaff      |       |    11 |       ||    11
Throw: Stone             |     1 |    11 |     3 ||    15
 Cast: Freeze            |    49 |    52 |    19 ||   120
       Ozocubu's Armour  |       |     5 |     3 ||     8
 Abil: Breathe Noxious F |       |       |     2 ||     2
Evoke: Wand              |       |       |     1 ||     1
  Use: Potion            |       |     2 |       ||     2
 Stab: Sleeping          |     5 |     1 |     1 ||     7
  Eat: Chunk             |     1 |    10 |     6 ||    17
Armor: Skin              |    18 |    96 |    54 ||   168
Dodge: Dodged            |    52 |   185 |    84 ||   321
